AoeStats
← Ouch

Oasis

510243096Analyzed
4v4 RM · 1d ago on Sep 30, 2026· 48m 42s· 8 players
Game mode
Random Map
Map size
Large (8 player)
Population
200
Speed
Normal
Resources
Standard
Victory
Conquest
Starting age
Dark Age
Ending age
Imperial Age
RankedLock teamsTeams togetherTeam positionsShared explorationLock speedFull tech treeHidden civsTurbo modeCheats
Victory
Defeat
🇻🇳 Ethiopians · Vietnam
1803
+7
🇺🇦 Koreans · Ukraine
1768
+9
🇨🇳 Georgians · China
1760
+9
🇧🇷 Berbers · Brazil
1759
+9
🇺🇸 Aztecs · United States
1674
-11
🇺🇸 Huns · United States
1613
-9
1595
-8
🇬🇧 Spanish · United Kingdom
1490
-6
Ouch
9:02 Loom
10:48 Feudal Age
9:14 Loom
11:00 Feudal Age
12:32 Double-Bit Axe
15:23 Castle Age
13:17 Horse Collar
16:16 Bow Saw
17:32 Wheelbarrow
17:57 Fletching
20:00 Bodkin Arrow
22:41 Ballistics
30:12 Gold Mining
40:10 Imperial Age
41:02 Bracer
42:23 Chemistry
42:36 Elite War Wagon
44:22 Hand Cart
45:53 Thumb Ring
46:20 Conscription
46:00 Treadmill Crane
46:30 Masonry
49:09 Siege Engineers
APZz_
9:02 Feudal Age
8:22 Loom
10:11 Double-Bit Axe
13:57 Horse Collar
18:34 Castle Age
17:04 Gold Mining
19:41 Bow Saw
20:02 Husbandry
24:34 Wheelbarrow
26:15 Heavy Plow
27:01 Hand Cart
26:33 Town Watch
28:03 Scale Barding Armor
32:52 Imperial Age
31:40 Bloodlines
31:52 Chain Barding Armor
32:17 Forging
33:38 Gold Shaft Mining
34:33 Chemistry
32:55 Heavy Camel Rider
34:18 Plate Barding Armor
35:02 Iron Casting
36:25 Caravan
38:24 Blast Furnace
38:05 Guilds
38:49 Masonry
38:20 Treadmill Crane
39:18 Hoardings
39:04 Conscription
38:49 Maghrebi Camels
38:51 Kasbah
39:02 Fletching
39:33 Ballistics
39:06 Stone Mining
40:59 Bodkin Arrow
41:51 Bracer
44:20 Siege Engineers
45:09 Murder Holes
46:43 Coinage
tim.13
4:31 Loom
9:25 Feudal Age
13:41 Fletching
16:42 Double-Bit Axe
16:50 Horse Collar
23:05 Castle Age
21:19 Gold Mining
22:40 Wheelbarrow
23:09 Crossbowman
23:47 Bodkin Arrow
25:06 Ballistics
25:13 Bow Saw
25:14 Padded Archer Armor
29:11 Stone Mining
30:51 Stone Shaft Mining
35:02 Imperial Age
33:31 Elite Skirmisher
35:22 Svan Towers
36:56 Hand Cart
36:46 Bracer
37:48 Chemistry
36:34 Arrowslits
37:42 Conscription
38:27 Town Watch
39:11 Scale Barding Armor
39:38 Elite Monaspa
40:39 Chain Barding Armor
40:58 Bloodlines
40:48 Husbandry
40:54 Heavy Plow
42:19 Plate Barding Armor
41:55 Forging
41:57 Guard Tower
44:38 Iron Casting
44:40 Keep
45:19 Aznauri Cavalry
46:28 Blast Furnace
45:30 Treadmill Crane
48:27 Caravan
VIPN@U
5:53 Loom
8:32 Feudal Age
12:27 Fletching
16:36 Padded Archer Armor
21:49 Castle Age
20:25 Double-Bit Axe
21:13 Horse Collar
21:53 Crossbowman
31:30 Bow Saw
32:28 Wheelbarrow
32:11 Town Watch
36:23 Scale Mail Armor
36:34 Forging
37:03 Hand Cart
37:29 Squires
37:45 Chain Mail Armor
42:06 Imperial Age
41:31 Bodkin Arrow
42:11 Thumb Ring
42:22 Leather Archer Armor
42:10 Arbalester
43:09 Halberdier
44:21 Plate Mail Armor
44:26 Iron Casting
45:11 Iron Casting
45:10 Heavy Plow
46:15 Bracer
47:17 Chemistry
47:28 Ballistics
48:35 Ring Archer Armor
Benedict Cucumberpatch
8:28 Feudal Age
9:49 Horse Collar
10:20 Double-Bit Axe
10:33 Loom
17:01 Scale Barding Armor
17:07 Bloodlines
21:28 Castle Age
19:59 Gold Mining
20:36 Forging
21:30 Light Cavalry
22:31 Chain Barding Armor
22:13 Husbandry
24:00 Heavy Plow
29:41 Iron Casting
31:42 Wheelbarrow
35:45 Imperial Age
33:33 Hand Cart
35:32 Gold Shaft Mining
35:07 Bow Saw
35:49 Hussar
35:50 Cavalier
37:09 Plate Barding Armor
37:34 Blast Furnace
37:15 Conscription
37:07 Paladin
38:42 Town Watch
41:10 Padded Archer Armor
42:12 Chemistry
41:32 Ballistics
41:35 Fletching
42:15 Leather Archer Armor
41:41 Heavy Cavalry Archer
42:32 Bodkin Arrow
43:34 Parthian Tactics
43:42 Thumb Ring
43:50 Masonry
44:15 Bracer
46:35 Caravan
supermonkeycar3000
11:20 Feudal Age
15:25 Castle Age
14:32 Double-Bit Axe
14:29 Horse Collar
16:40 Bow Saw
20:43 Padded Archer Armor
25:23 Gold Mining
27:57 Husbandry
30:58 Bloodlines
34:26 Wheelbarrow
33:38 Loom
38:10 Imperial Age
36:00 Light Cavalry
36:48 Scale Barding Armor
36:53 Forging
39:08 Chain Barding Armor
39:07 Heavy Plow
39:54 Conscription
38:56 Cavalier
40:23 Iron Casting
41:01 Plate Barding Armor
40:20 Hussar
40:52 Stone Mining
45:25 Caravan
48:26 Leather Archer Armor
QNA | Apachai Hopachai
5:52 Loom
8:51 Feudal Age
18:09 Double-Bit Axe
19:47 Horse Collar
23:19 Castle Age
25:43 Fervor
32:22 Imperial Age
32:41 Chemistry
32:24 Fletching
38:06 Fortified Wall
38:53 Forging
38:05 Pikeman
39:02 Halberdier
40:31 Squires
40:36 Scale Mail Armor
42:49 Conscription
45:15 Iron Casting
46:43 Chain Mail Armor
48:26 Blast Furnace
dylanrobinson54
6:43 Loom
9:37 Feudal Age
9:45 Man-at-Arms
15:44 Fletching
15:52 Double-Bit Axe
20:31 Castle Age
19:11 Padded Archer Armor
20:00 Horse Collar
20:32 Gold Mining
21:43 Bow Saw
24:53 Gold Shaft Mining
25:13 Sanctity
27:39 Guard Tower
34:28 Fervor
34:18 Atonement
34:29 Redemption
34:18 Town Watch
35:47 Wheelbarrow
36:51 Heavy Plow
40:33 Imperial Age
38:46 Stone Mining
42:02 Imperial Age
39:48 Hand Cart
40:05 Hand Cart
40:13 Bodkin Arrow
41:01 Devotion
40:56 Herbal Medicine
42:58 Block Printing
43:09 Illumination
43:35 Theocracy
43:33 Faith
Connection lost

Rejoining the realm…

Still unreachable

The connection could not be restored.

Session expired

The server has moved on; the page needs a fresh start.